 Dungeon Crawl Stone Soup version 0.26-a0-1002-g7355149c4d (webtiles) character file.

Game seed: 14121310942486524916

10419 sahdkjhfkaj the Transmogrifier (level 11, -7/63 HPs)
             Began as a Tengu Conjurer on Dec 7, 2020.
             Was a High Priest of Cheibriados.
             Mangled by a wolf (12 damage)
             ... on level 10 of the Dungeon.
             The game lasted 00:30:58 (16620 turns).

sahdkjhfkaj the Transmogrifier (Tengu Conjurer)    Turns: 16620, Time: 00:30:58

Health: -7/63      AC:  4    Str: 18    XL:     11   Next: 61%
Magic:  28/28      EV: 14    Int: 33    God:    Cheibriados [*****.]
Gold:   492        SH: 15    Dex: 26    Spells: 10/20 levels left

rFire    . . .     SeeInvis .   a - +2 long sword (drain)
rCold    . . .     Faith    .   A - +2 kite shield of Impressiveness {+Inv rPois Dex+2}
rNeg     . . .     Spirit   .   j - +0 robe
rPois    +         Reflect  +   b - +0 hat
rElec    .         Harm     .   f - +0 cloak
rCorr    .         Rampage  .   s - +0 pair of gloves
Will     +....                  (boots unavailable)
Stlth    ++++......             x - amulet of reflection
HPRegen  0.20/turn              F - ring of poison resistance
MPRegen  0.21/turn              E - ring of Fura {WL+ MP+9 Stlth+}

@: very slow
A: beak, talons 3, able to fly
a: Fly, Bend Time, Temporal Distortion, Slouch, Step From Time, Renounce
Religion, Evoke Invisibility


You were on level 10 of the Dungeon.
You worshipped Cheibriados.
Cheibriados was extremely pleased with you.
You visited 3 branches of the dungeon, and saw 12 of its levels.

You collected 492 gold pieces.

Inventory:

Hand Weapons
 a - a +2 long sword of draining (weapon)
Armour
 b - a +0 hat (worn)
 f - a +0 cloak (worn)
 j - a +0 robe (worn)
 s - a +0 pair of gloves (worn)
 A - the +2 kite shield of Impressiveness (worn) {+Inv rPois Dex+2}
   (You found it on level 6 of the Dungeon)

   It affects your dexterity (+2).
   It protects you from poison.
   It lets you turn invisible.
Jewellery
 l - an uncursed ring of ice
 x - an amulet of reflection (around neck)
 D - an uncursed ring of positive energy
 E - the ring of Fura (right hand) {WL+ MP+9 Stlth+}
   (You found it on level 7 of the Dungeon)

   [ring of magical power]

   It affects your willpower, your defense against some magical effects.
   It affects your magic capacity (+9).
   It makes you more stealthy.
 F - a ring of poison resistance (left hand)
Wands
 g - a wand of paralysis (4)
 y - a wand of disintegration (36)
 z - a wand of iceblast (5)
Scrolls
 d - 2 scrolls of blinking
 e - 3 scrolls of immolation
 h - 4 scrolls of remove curse
 o - 2 scrolls of fear
 p - a scroll of enchant weapon
 q - a scroll of teleportation
 t - 5 scrolls of amnesia
 w - a scroll of magic mapping
 B - 3 scrolls of enchant armour
 H - a scroll of random uselessness {unknown}
Potions
 c - 2 potions of haste
 i - 2 potions of lignification
 k - 5 potions of curing
 m - 3 potions of attraction
 n - a potion of berserk rage {unknown}
 r - a potion of might {unknown}
 u - 2 potions of mutation {unknown}
 v - 4 potions of degeneration {unknown}
 C - a potion of cancellation {unknown}
 G - a potion of heal wounds {unknown}
 I - a potion of invisibility


   Skills:
 - Level 5.0 Fighting
 - Level 5.0 Dodging
 - Level 2.0 Stealth
 - Level 5.1 Spellcasting
 - Level 8.7 Conjurations
 - Level 2.0 Hexes
 - Level 9.0 Transmutations
 - Level 3.0 Fire Magic
 + Level 7.6 Invocations
 - Level 5.0 Evocations


You had 10 spell levels left.
You knew the following spells:

 Your Spells              Type           Power        Failure   Level
a - Magic Dart            Conj           ####         1%          1
b - Searing Ray           Conj           ######       1%          2
c - Conjure Flame         Conj/Fire      #####...     9%          3
e - Fulminant Prism       Conj/Hex       #####.....   36%         4

Your spell library contained the following spells:

 Spells                   Type           Power        Failure   Level
 Dazzling Flash           Conj/Hex       #####.       11%         3
 Mephitic Cloud           Conj/Pois/Air  ####....     30%         3
 Freeze                   Ice            #...         32%         1
 Poisonous Vapours        Pois/Air       #.....       45%         2
 Hailstorm                Conj/Ice       #####...     50%         4
 Iskenderun's Mystic Bla  Conj/Tloc      #####...     50%         4
 Frozen Ramparts          Ice            #.....       69%         3
 Ozocubu's Armour         Ice            #.......     69%         3
 Summon Ice Beast         Ice/Summ       #.......     97%         4
 Freezing Cloud           Conj/Ice/Air   ####......   100%        6


Dungeon Overview and Level Annotations

Branches:
Dungeon (10/15)            Temple (1/1) D:5            Lair (1/6) D:10
    Orc: D:9-12

Altars:
Ashenzari
Cheibriados
Dithmenos
Elyvilon
Fedhas
Gozag
Hepliaklqana
Kikubaaqudgha
Makhleb
Nemelex Xobeh
Okawaru
Qazlal
Ru
Sif Muna
Trog
Uskayaw
Wu Jian
Xom
Yredelemnul
Zin
The Shining One

Shops:
D:9 [

Annotations:
D:6 Eustachio
D:10 Gastronok


Innate Abilities, Weirdness & Mutations

You have a beak for a mouth.
You have claws for feet.
You can fly continuously.


Message History

The wolf bites you! You block the wolf's attack. The water moccasin bites you.
The wolf bites you.
You climb upwards.
Welcome back to the Dungeon!
Level annotation: Gastronok
There is a staircase to the Lair here.
Unknown command.
Unknown command.
Unknown command.
You block the wolf's attack. The wolf closely misses you.
You riposte.
You miss the wolf. You claw the wolf. Your peck misses the wolf.
The wolf is moderately wounded.
The wolf bites you. The wolf misses you. You block the wolf's attack.
The wolf bites you. x3; The wolf misses you.
You block the wolf's attack. x2; The wolf bites you!
* * * LOW HITPOINT WARNING * * *
The water moccasin barely misses you. The wolf bites you!
* * * LOW HITPOINT WARNING * * *
You block the wolf's attack. The water moccasin barely misses you.
The wolf bites you!
You die...

#.##### ##.#### #.# #.# #.....#
#.### #.# #..##.# #.... #.#
#..##.#############.. #.#
#....................
#.###########.###.#########......
#.##.......####.....### ##.....
#..#.########.........## #.##..
##.#.# ##...h@S.....## #.##..
#.#.# ##....hhh......####.###.
#.#.# #.......>.......##...##.
#.#.#####.............[.)†...)).
#.#.......#...........####÷..###
#.#######.##.........## ##..#
##.# #.####.....#### ##.# ..###
#.##..........# #.#
..#E######.#......###### #.#


You could see a water moccasin and 4 wolves.

Vanquished Creatures
  Harold (D:7)
  Fannar (D:10)
  Erica (D:10)
  A two-headed ogre (D:9)
  Maurice (D:9)
  13 yaks
  2 wyverns
  A steam dragon (D:10)
  Menkaure (D:4)
  3 wargs (D:10)
  A water moccasin (D:9)
  An ice beast (D:10)
  A hornet zombie (D:10)
  3 orc warriors
  3 black bears
  2 sky beasts
  An eye of draining (D:10)
  A phantom (D:9)
  2 centaurs
  2 necrophages
  A wolf (D:10)
  2 ogres
  2 big kobolds (D:10)
  2 wyvern zombies (D:10)
  6 bullfrogs
  6 scorpions
  4 wights (D:10)
  5 howler monkeys
  2 centaur zombies
  A bullfrog skeleton (D:8)
  A bullfrog zombie (D:10)
  A centaur skeleton (D:10)
  5 hounds
  7 orc priests
  Crazy Yiuf (D:2)
  11 orc wizards
  An iguana (D:10)
  5 worker ants
  3 hound zombies
  3 mummies (D:10)
  2 worker ant zombies
  8 adders
  A shadow imp (D:8)
  A white imp (D:6)
  2 ufetubi
  An adder skeleton (D:10)
  A dart slug (D:2)
  6 worms
  2 leopard geckos
  34 orcs
  12 giant cockroaches
  6 hobgoblins
  9 jackals
  17 kobolds
  5 quokkas
  7 ball pythons
  5 goblins
  A leopard gecko skeleton (D:4)
  A leopard gecko zombie (D:6)
  A quokka skeleton (D:7)
  4 rats
237 creatures vanquished.

Vanquished Creatures (others)
  2 fulminant prisms (D:10)
  3 fungi (D:2)
  6 plants
  A withered plant (D:10)
12 creatures vanquished.

Grand Total: 249 creatures vanquished

Notes
Turn   | Place    | Note
-------+----------+-------------------------------------------
     0 | D:1      | sahdkjhfkaj the Tengu Conjurer began the quest for the Orb.
     0 | D:1      | Reached XP level 1. HP: 10/10 MP: 4/4
   499 | D:1      | Reached XP level 2. HP: 15/15 MP: 3/6
   502 | D:1      | Learned a level 2 spell: Searing Ray
  1452 | D:2      | Found a runed translucent door.
  1453 | D:2      | Noticed Crazy Yiuf
  1495 | D:2      | Reached XP level 3. HP: 19/19 MP: 3/7
  1650 | D:2      | Reached XP level 4. HP: 24/24 MP: 4/8
  2430 | D:3      | Noticed a bullfrog
  2433 | D:3      | Killed a bullfrog
  2434 | D:3      | Gained mutation: You can fly continuously. [Tengu growth]
  2434 | D:3      | Reached XP level 5. HP: 28/28 MP: 6/11
  2574 | D:2      | Killed Crazy Yiuf
  3090 | D:3      | Reached XP level 6. HP: 32/32 MP: 13/13
  3703 | D:4      | Noticed Menkaure
  3919 | D:4      | Reached skill level 5 in Spellcasting
  4356 | D:4      | Reached skill level 1 in Evocations
  4423 | D:4      | Noticed a necrophage
  4948 | D:4      | Got a wavering lead ring
  4976 | D:4      | Identified the ring "Zaiwily" {*Tele rElec rF- rN++ Str+3}
                  | (You found it on level 4 of the Dungeon)
  4984 | D:4      | Killed a necrophage
  4985 | D:4      | Reached skill level 1 in Invocations
  4985 | D:4      | Reached XP level 7. HP: 36/36 MP: 12/15
  6848 | D:4      | Killed Menkaure
  7616 | D:5      | Entered Level 5 of the Dungeon
  7624 | D:5      | Found a staircase to the Ecumenical Temple.
  7703 | Temple   | Entered the Ecumenical Temple
  7940 | Temple   | Became a worshipper of Cheibriados the Contemplative
  8173 | D:5      | Reached XP level 8. HP: 41/41 MP: 16/16
  8267 | D:5      | Found an ancient bone altar of Kikubaaqudgha.
  8772 | D:6      | Reached skill level 5 in Evocations
  9094 | D:6      | Noticed Eustachio
  9107 | D:6      | Reached * piety under Cheibriados
  9167 | D:6      | Got a warped kite shield
  9173 | D:6      | Identified the +2 kite shield of Impressiveness {+Inv rPois
                  | Dex+2} (You found it on level 6 of the Dungeon)
  9395 | D:6      | Found an ornate altar of the Wu Jian Council.
  9568 | D:7      | Noticed Harold
  9588 | D:7      | Killed Harold
  9589 | D:7      | Reached skill level 5 in Dodging
  9589 | D:7      | Reached skill level 1 in Transmutations
  9589 | D:7      | Reached skill level 3 in Transmutations
  9589 | D:7      | Reached XP level 9. HP: 8/45 MP: 17/17
  9978 | D:7      | Got a steaming jade ring
 10058 | D:7      | Learned a level 3 spell: Conjure Flame
 10339 | D:7      | Identified the ring of Fura {WL+ MP+9 Stlth+} (You found it
                  | on level 7 of the Dungeon)
 10498 | D:8      | Reached skill level 4 in Transmutations
 10869 | D:8      | Reached ** piety under Cheibriados
 10911 | D:8      | Found a blossoming altar of Fedhas.
 11112 | D:8      | Reached skill level 5 in Transmutations
 11154 | D:8      | Reached skill level 1 in Fire Magic
 11334 | D:9      | Noticed Maurice
 11357 | D:9      | Found a hide-covered altar of Uskayaw.
 11393 | D:9      | Reached skill level 1 in Fighting
 11430 | D:9      | Killed Maurice
 11431 | D:9      | Reached skill level 5 in Invocations
 11669 | D:9      | Reached XP level 10. HP: 42/53 MP: 12/18
 11834 | D:9      | Reached skill level 6 in Transmutations
 11950 | D:9      | Found Geriloone's Antique Armour Shoppe.
 12298 | D:9      | Noticed a two-headed ogre
 12342 | D:9      | Killed a two-headed ogre
 12343 | D:9      | Reached skill level 7 in Transmutations
 12518 | D:9      | Found an opulent altar of Gozag.
 12688 | D:10     | Entered Level 10 of the Dungeon
 12690 | D:10     | Noticed Gastronok
 13061 | D:10     | Noticed Fannar
 13068 | D:10     | Noticed Erica
 13100 | D:10     | Reached *** piety under Cheibriados
 13632 | D:10     | Killed Erica
 13633 | D:10     | Reached skill level 5 in Fighting
 13747 | D:10     | Reached XP level 11. HP: 57/63 MP: 19/19
 13897 | D:10     | Reached skill level 8 in Transmutations
 14039 | D:10     | Reached **** piety under Cheibriados
 14053 | D:10     | Killed Fannar
 14242 | D:10     | Found a staircase to the Lair.
 14466 | D:10     | Reached skill level 9 in Transmutations
 14466 | D:10     | Reached skill level 1 in Hexes
 14474 | D:10     | Learned a level 4 spell: Fulminant Prism
 16336 | D:10     | Found a stormy altar of Qazlal.
 16455 | D:10     | Reached ***** piety under Cheibriados
 16581 | Lair:1   | Entered Level 1 of the Lair of Beasts
 16620 | D:10     | Mangled by a wolf

Illustrated notes

Levels and vault maps discovered:
D:1:      dpeg_arrival_three_smaller_balls, layout_basic
D:2:      layout_rooms, grunt_decor_resistance, uniq_crazy_yiuf_cottage
D:3:      wad_lake_hut, layout_loops_ring, nicolae_overflow_hidden_temple,
          minmay_shallow_snake_nest
D:4:      layout_layer_cave, portal_sewer_entry_b, uniq_menkaure
D:5:      layout_cave_pods, kennysheep_mini,
          minmay_temple_entry_drinking_statues
D:6:      layout_basic, lemuel_crystal_altar, uniq_eustachio
D:7:      layout_basic, uniq_harold
D:8:      layout_loops_cross, fedhas_altar_2
D:9:      layout_loops_ring, grunt_gozag_breadcrumbs, basic_altar, serial_shops,
          shop, uniq_maurice
D:10:     layout_loops_ring, erik_lair_orcish_takeover, serial_undead,
          serial_undead_d, serial_undead_c, serial_undead_a, serial_undead_d,
          serial_undead_a, serial_undead_d, nicolae_qazlal_style_of_elements,
          uniq_gastronok, uniq_fannar, uniq_erica
Temple:   hc_temple_tempest_star
Lair:1:   layout_gridlike, chequers_serial_rivers_micro_a, serial_bayou_pond_a,
          grunt_megastairs_1

Skill      XL: |  1  2  3  4  5  6  7  8  9 10 11 |
---------------+----------------------------------+-----
Conjurations   | 6 7 8 |  8.7
Spellcasting   | 3 4 5 |  5.1
Evocations     | 3 5 |  5.0
Invocations    | 1 4 5 7 |  7.6
Dodging        | 3 5 |  5.0
Transmutations | 3 5 7 9 |  9.0
Fire Magic     | 2 3 |  3.0
Fighting       | 2 5 |  5.0
Hexes          | 2 |  2.0
Stealth        | |  2.0

Action                   |  1- 3 |  4- 6 |  7- 9 | 10-12 || total
-------------------------+-------+-------+-------+-------++-------
Melee: Dagger            |     7 |    58 |    27 |       ||    92
       Kick              |     3 |    13 |    12 |    34 ||    62
       Peck              |     1 |     7 |     6 |    17 ||    31
       Long sword        |       |       |     4 |    47 ||    51
 Cast: Magic Dart        |    54 |   101 |   203 |   152 ||   510
       Searing Ray       |     1 |     9 |    12 |    43 ||    65
       Fulminant Prism   |       |       |       |     2 ||     2
 Abil: Fly               |       |     1 |       |       ||     1
       Stop Flying       |       |       |       |     1 ||     1
Evoke: Wand              |       |       |    10 |     2 ||    12
  Use: Potion            |     1 |     2 |       |     1 ||     4
       Scroll            |       |     6 |     7 |     7 ||    20
 Stab: Sleeping          |       |     4 |     5 |       ||     9
Armor: Robe              |     2 |    17 |     3 |    10 ||    32
Dodge: Dodged            |     9 |    61 |    39 |    96 ||   205
Block: Kite shield       |       |       |    61 |   140 ||   201
       Reflection        |       |       |     2 |     8 ||    10
       Rpst.: Long sword |       |       |     3 |    32 ||    35

Table legend: (Time is in decaauts)
 A = Elapsed time spent in this place.
 B = Non-inter-level travel time spent in this place.
 C = Inter-level travel time spent in this place.
 D = Time resting spent in this place.
 E = Time spent auto-exploring this place.
 F = Levels seen in this place.
 G = Mean time per level.
                   A        B        C        D        E       F      G
               +--------+--------+--------+--------+--------+-----+--------+
         Total |  17600 |  16851 |    749 |   4494 |  10318 |  12 | 1466.7 |
       Dungeon |  17361 |  16673 |    688 |   4494 |  10149 |  10 | 1736.1 |
        Temple |    232 |    171 |     61 |      0 |    169 |   1 |  232.0 |
          Lair |      6 |      6 |      0 |      0 |      0 |   1 |    6.0 |
               +--------+--------+--------+--------+--------+-----+--------+

Top non-repeatable levels by time:
    D:10: 3064 daAuts
     D:9: 3017 daAuts
     D:4: 2746 daAuts
     D:3: 2262 daAuts
     D:1: 1187 daAuts
     D:2: 1133 daAuts
     D:6: 1106 daAuts
     D:8: 1043 daAuts
     D:5: 985 daAuts
     D:7: 814 daAuts
  Temple: 232 daAuts
  Lair:1: 6 daAuts
